 Dungeon Crawl Stone Soup version 0.20.1-1-g8b1a95d (webtiles) character file.

1740 Vno the Conjurer (level 8, -3/85 HPs)
             Began as a Red Draconian Conjurer on Nov 12, 2017.
             Was a Follower of the Shining One.
             Slain by a two-headed ogre
             ... wielding a cursed -2 giant spiked club
              (29 damage)
             ... on level 6 of the Dungeon on Nov 15, 2017.
             The game lasted 00:57:17 (4996 turns).

Vno the Conjurer (Red Draconian Conjurer)           Turns: 4996, Time: 00:57:17

Health: -3/85      AC: 10    Str: 18    XL:     8   Next: 77%
Magic:  13/15      EV: 13    Int: 16    God:    the Shining One [*.....]
Gold:   228        SH:  0    Dex: 11    Spells: 11/17 levels left

rFire    + + .     SeeInvis .   f - +0 falchion (holy)
rCold    x . .     Gourm    .   (no shield)
rNeg     . . .     Faith    .   (armour unavailable)
rPois    .         Spirit   .   (helmet restricted)
rElec    .         Reflect  .   g - +0 cloak
rCorr    +         Harm     .   y - +2 pair of gloves
MR       .....                  (no boots)
Stlth    ..........             i - amulet of regeneration
Regen    0.7/turn               d - ring of resist corrosion
MPRegen  0.2/turn               x - ring of fire

@: berserking, short of breath, glowing, very quick
A: breathe fire, unfitting armour, fire resistance 1, cold-blooded, AC +6
a: Breathe Fire, Renounce Religion


You were on level 6 of the Dungeon.
You worshipped the Shining One.
The Shining One was aware of your devotion.
You were very hungry.

You visited 1 branch of the dungeon, and saw 6 of its levels.

You collected 310 gold pieces.
You spent 82 gold pieces at shops.

Inventory:

Hand Weapons
 f - a +0 falchion of holy wrath (weapon)
Armour
 g - a +0 cloak (worn)
 j - a +2 robe of positive energy
 y - a +2 pair of gloves (worn)
Jewellery
 d - a ring of resist corrosion (left hand)
 i - an amulet of regeneration (around neck)
 p - an uncursed amulet of the gourmand {unknown}
 x - a ring of fire (right hand)
 F - an uncursed ring of stealth {unknown}
Scrolls
 m - a scroll of enchant armour
 q - a scroll of fog
 r - 2 scrolls of remove curse
 u - 2 scrolls of identify
 A - a scroll of noise {unknown}
 B - a scroll of brand weapon {unknown}
 E - a scroll of enchant weapon {unknown}
Potions
 c - a potion of resistance {unknown}
 e - a potion of agility {unknown}
 h - a potion of mutation {unknown}
 k - a potion of brilliance {unknown}
 o - 4 potions of haste {unknown}
 t - 2 potions of lignification {unknown}
 v - 2 potions of heal wounds {unknown}
 z - a potion of curing
 C - a potion of cancellation {unknown}
Books
 a - a book of Conjurations

   Spells                             Type                      Level
   a - Magic Dart                     Conjuration                  1
   b - Searing Ray                    Conjuration                  2
   c - Dazzling Spray                 Conjuration/Hexes            3
   d - Fulminant Prism                Conjuration/Hexes            4
   e - Force Lance                    Conjuration/Translocation    4
   f - Iskenderun's Mystic Blast      Conjuration                  4
Comestibles
 b - 8 bread rations
 l - 2 meat rations
 s - 8 royal jellies
 w - 2 fruits


   Skills:
 - Level 0.2 Fighting
   Level 3.6(5.3) Short Blades
 + Level 6.2(6.6) Long Blades
 + Level 4.1 Dodging
 - Level 2.0 Stealth
 + Level 5.1 Spellcasting
 + Level 6.4 Conjurations


You had 11 spell levels left.
You knew the following spells:

 Your Spells              Type           Power        Failure   Level  Hunger
a - Magic Dart            Conj           ###.         1%          1    None
b - Searing Ray           Conj           ###...       1%          2    #......
c - Dazzling Spray        Conj/Hex       ##....       12%         3    ###....


Dungeon Overview and Level Annotations

Branches:
Dungeon (6/15)             Temple (0/1) D:5

Altars:
Gozag
Ru
Vehumet
The Shining One

Shops:
D:6 %

Annotations:
D:5 Prince Ribbit


Innate Abilities, Weirdness & Mutations

You can breathe blasts of fire.
Your fiery red scales are hard. (AC +6)
You cannot fit into any form of body armour.
Your flesh is heat resistant. (rF+)
You are cold-blooded and may be slowed by cold attacks.


Message History

You slash the two-headed ogre!
You tail-slap the two-headed ogre, but do no damage.
The two-headed ogre is heavily wounded.
The two-headed ogre hits you with a giant spiked club!
The two-headed ogre hits you with a giant club!
You slash the two-headed ogre!
The two-headed ogre is severely wounded.
You slash the two-headed ogre!
The two-headed ogre is severely wounded.
The two-headed ogre hits you with a giant spiked club!!
* * * LOW HITPOINT WARNING * * *
The two-headed ogre misses you.
You barely miss the two-headed ogre.
Your tail-slap misses the two-headed ogre.
The two-headed ogre is severely wounded.
You slash the two-headed ogre!
The two-headed ogre is almost dead.
The two-headed ogre closely misses you.
The two-headed ogre hits you with a giant club!!
You die...

......# #...######### #.#
..###.# ###.# #.# #.##..# #.#
#.# #.##.## #.# #.# #.##.# #.#
#.# #.##.# #.########## #.#
..##.##########.##.......# #.#
#..)...............#####.# #.#
####.###########@### ##.# #.#
#.# #O# ###... ##.## #.#
.a.##...... ....## # ##.#
..#.....#...#.#...# ###.### ###
##. .##..##.#.##ยง.#
#.###.###.###.##.###...........#
.#.#.#.#.#.#.#...# #...#.#.###O#
.#.#.#.#.#.#.#...# #......#.#
..# ###.###.###.###..
#..#...##...##


You could see a two-headed ogre and a worker ant.

Vanquished Creatures
  Pikel (D:6)
  3 ice beasts
  2 centaurs (D:5)
  A bullfrog (D:6)
  3 howler monkeys
  2 bullfrog zombies
  3 hounds
  An orc priest (D:6)
  A bullfrog skeleton (D:4)
  4 orc wizards
  Jessica (D:3)
  2 iguanas
  2 worker ants
  A hound skeleton (D:4)
  7 adders
  A shadow imp (D:5)
  A worm (D:2)
  4 dart slugs
  6 leopard geckos (D:4)
  17 orcs
  4 ball pythons
  6 giant cockroaches
  5 hobgoblins
  5 jackals
  6 kobolds
  3 quokkas
  6 bats
  A frilled lizard (D:3)
  10 goblins
  A jackal zombie (D:6)
  10 rats
120 creatures vanquished.

Vanquished Creatures (others)
  A slave (D:6)
  2 jellies (D:6)
3 creatures vanquished.

Grand Total: 123 creatures vanquished

Notes
Turn   | Place    | Note
-------+----------+-------------------------------------------
     0 | D:1      | Vno the Draconian Conjurer began the quest for the Orb.
     0 | D:1      | Reached XP level 1. HP: 14/14 MP: 3/3
   636 | D:1      | Reached XP level 2. HP: 20/20 MP: 0/5
  1073 | D:2      | Reached XP level 3. HP: 26/26 MP: 0/6
  1228 | D:2      | Reached skill level 1 in Short Blades
  2014 | D:3      | Learned a level 2 spell: Searing Ray
  2018 | D:3      | Learned a level 3 spell: Dazzling Spray
  2157 | D:3      | Found an opulent altar of Gozag.
  2158 | D:3      | Noticed Jessica
  2165 | D:3      | Killed Jessica
  2165 | D:3      | Reached XP level 4. HP: 32/33 MP: 1/7
  2407 | D:3      | Found a glowing golden altar of the Shining One.
  2416 | D:3      | Became a worshipper of the Shining One
  2552 | D:4      | Reached XP level 5. HP: 35/38 MP: 0/9
  2576 | D:4      | Reached skill level 5 in Conjurations
  2892 | D:4      | Reached XP level 6. HP: 45/45 MP: 3/11
  3513 | D:4      | Found a radiant altar of Vehumet.
  3653 | D:5      | Entered Level 5 of the Dungeon
  3775 | D:5      | Noticed Prince Ribbit
  3793 | D:5      | Your scales start taking on a fiery red colour.
  3793 | D:5      | Reached XP level 7. HP: 36/50 MP: 7/13
  3793 | D:5      | Gained mutation: Your flesh is heat resistant. (rF+) [Red Draconian growth]
  3822 | D:5      | Reached * piety under the Shining One
  3891 | D:5      | Found a sacrificial altar of Ru.
  3919 | D:5      | Reached skill level 1 in Long Blades
  4264 | D:5      | Found a staircase to the Ecumenical Temple.
  4427 | D:6      | Found Darivvap's Food Emporium.
  4430 | D:6      | Bought a royal jelly for 22 gold pieces
  4430 | D:6      | Bought a royal jelly for 22 gold pieces
  4430 | D:6      | Bought a royal jelly for 22 gold pieces
  4430 | D:6      | Bought a fruit for 16 gold pieces
  4449 | D:6      | Reached XP level 8. HP: 50/57 MP: 12/15
  4632 | D:6      | Noticed a two-headed ogre
  4682 | D:6      | Noticed Pikel
  4713 | D:6      | Killed Pikel
  4713 | D:6      | Reached skill level 5 in Long Blades
  4713 | D:6      | Reached skill level 5 in Spellcasting
  4996 | D:6      | Slain by a two-headed ogre

Skill      XL: |  1  2  3  4  5  6  7  8 |
---------------+-------------------------+-----
Stealth        | 2 |  2.0
Dodging        | 2 3 4 |  4.1
Short Blades   | 1 2 3 |  3.6
Spellcasting   | 3 4 5 |  5.1
Conjurations   | 5 6 |  6.4
Long Blades    | 3 6 |  6.2
Fighting       | |  0.2

Action                   |  1- 3 |  4- 6 |  7- 9 || total
-------------------------+-------+-------+-------++-------
Melee: Unarmed           |    19 |       |       ||    19
       Short sword       |    56 |    76 |       ||   132
       Tailslap          |     7 |    11 |    13 ||    31
       Falchion          |       |    27 |    83 ||   110
 Cast: Magic Dart        |    83 |    56 |    24 ||   163
       Searing Ray       |     1 |    13 |    10 ||    24
 Abil: Breathe Fire      |       |       |     7 ||     7
  Use: Scroll            |     5 |     1 |     3 ||     9
       Potion            |       |     1 |     2 ||     3
  Eat: Chunk             |     5 |     7 |     4 ||    16
Armor: Skin              |    33 |    54 |    31 ||   118
Dodge: Dodged            |    54 |   104 |    63 ||   221
       Rpst.: Falchion   |       |     7 |    17 ||    24
